MAA
ST. ALBERT PRODIGY @ VILLA RIDGE BRONCHOS
08/27/2017
 
TOP OF THE 1ST
St. Albert Prodigy batting - Pitching for Villa Ridge Bronchos : RHP Anthony Graham
Pitching: RHP Anthony Graham
Batting: LHB Edward Carlson 0-0: Called Strike
0-1: Bunt missed!
0-2: Ball
1-2: Ball
2-2: Foul Ball, location: 2F
2-2: Ball
3-2: Foul Ball, location: 2F
3-2: Base on Balls
Batting: LHB Wallace James 0-0: Swinging Strike
0-1: Ball
1-1: Ball
2-1: SINGLE (Line Drive, 56D)
Edward Carlson to second
Batting: RHB Dirk Davis 0-0: Fly out, F7 (Flyball, 7LM)
Batting: RHB Jimmy Allen 0-0: Ball
1-0: Foul Ball, location: 2F
1-1: Ball
2-1: Ball
3-1: Foul Ball, location: 2F
3-2: SINGLE (Groundball, 6MD) (infield hit)
Edward Carlson to third
Wallace James to second
Batting: RHB Bruce Reiser 0-0: Ball
1-0: Foul Ball, location: 2F
1-1: Ball
2-1: Ball
3-1: Fly out, F8 (Flyball, 8RM)
Runner from 3rd tags up, SCORES, no throw
Batting: RHB Larry Mason 0-0: Called Strike
0-1: Ball
1-1: Reached on error, E6 (Groundball, 56)
Wallace James scores
Jimmy Allen to third
Batting: LHB Abel Kelly 0-0: Ball
1-0: Swinging Strike
1-1: Ball
2-1: Ground out 4-3 (Groundball, 4)
Top of the 1st over - 2 run(s), 2 hit(s), 1 error(s), 2 left on base; St. Albert 2 - Villa Ridge 0
BOTTOM OF THE 1ST
Villa Ridge Bronchos batting - Pitching for St. Albert Prodigy : LHP Jim Unknown
Pitching: LHP Jim Unknown
Batting: RHB Alex Ross 0-0: Ball
1-0: Ball
2-0: Ball
3-0: Called Strike
3-1: SINGLE (Groundball, 56D) (infield hit)
Batting: RHB Jorge Vázquez 0-0: Ball
1-0: DOUBLE (Line Drive, 3D)
Alex Ross to third
Batting: RHB Arlen King 0-0: Ball
1-0: Foul Ball, location: 2F
1-1: Ball
2-1: Foul Ball, location: 2F
2-2: Strikes out looking
Batting: RHB Aaron Barnes 0-0: Called Strike
0-1: Ball
1-1: Ground out 5-3 (Groundball, 5L)
Batting: RHB Thomas Teague 0-0: Foul Ball, location: 2F
0-1: Foul Ball, location: 2F
0-2: Ball
1-2: Ball
2-2: Ground out 6-3 (Groundball, 6)
Bottom of the 1st over - 0 run(s), 2 hit(s), 0 error(s), 2 left on base; St. Albert 2 - Villa Ridge 0
TOP OF THE 2ND
St. Albert Prodigy batting - Pitching for Villa Ridge Bronchos : RHP Anthony Graham
Batting: RHB Anthony Trujillo 0-0: Swinging Strike
0-1: SOLO HOME RUN (Flyball, 78XD), Distance : 405 ft
Batting: RHB Jim Unknown 0-0: Called Strike
0-1: Fly out, F9 (Flyball, 89M)
Batting: LHB Edward Carlson 0-0: Ball
1-0: Ball
2-0: Fly out, F1 (Line Drive, 15)
Batting: LHB Wallace James 0-0: Called Strike
0-1: Foul Ball, location: 2F
0-2: Ball
1-2: Ball
2-2: Ball
3-2: Strikes out looking
Top of the 2nd over - 1 run(s), 1 hit(s), 0 error(s), 0 left on base; St. Albert 3 - Villa Ridge 0
BOTTOM OF THE 2ND
Villa Ridge Bronchos batting - Pitching for St. Albert Prodigy : LHP Jim Unknown
Now at SS: Jim Unknown
Batting: RHB Salvador Martínez 0-0: Ball
1-0: Ball
2-0: Called Strike
2-1: Swinging Strike
2-2: Strikes out swinging
Batting: LHB Rick Watson 0-0: Fly out, F8 (Flyball, 8LM)
Batting: RHB Joey Jones 0-0: Ball
1-0: Foul Ball, location: 2F
1-1: Foul Ball, location: 2F
1-2: Fly out, F9 (Line Drive, 9S)
Bottom of the 2nd over - 0 run(s), 0 hit(s), 0 error(s), 0 left on base; St. Albert 3 - Villa Ridge 0
TOP OF THE 3RD
St. Albert Prodigy batting - Pitching for Villa Ridge Bronchos : RHP Anthony Graham
Batting: RHB Dirk Davis 0-0: Ball
1-0: Ground out 4-3 (Groundball, 4M)
Batting: RHB Jimmy Allen 0-0: Called Strike
0-1: Ball
1-1: Foul Ball, location: 2F
1-2: Foul Ball, location: 2F
1-2: SINGLE (Groundball, 34D)
Batting: RHB Bruce Reiser 0-0: Foul Ball, location: 2F
0-1: Ball
1-1: Swinging Strike
1-2: Strikes out swinging
Batting: RHB Larry Mason 0-0: Ball
1-0: Foul Ball, location: 2F
1-1: 2-RUN HOME RUN (Line Drive, 7LD), Distance : 337 ft
Batting: LHB Abel Kelly 0-0: Ball
1-0: Ball
2-0: Foul Ball, location: 2F
2-1: Ground out 1-3 (Groundball, 13S)
Top of the 3rd over - 2 run(s), 2 hit(s), 0 error(s), 0 left on base; St. Albert 5 - Villa Ridge 0
BOTTOM OF THE 3RD
Villa Ridge Bronchos batting - Pitching for St. Albert Prodigy : LHP Jim Unknown
Batting: RHB Manuel Miranda 0-0: DOUBLE (Line Drive, 5L)
Batting: RHB Alex Ross 0-0: Ball
1-0: Fly out, F8 (Flyball, 8RD)
Runner from 2nd tags up, SAFE at 3rd, no throw
Batting: RHB Jorge Vázquez 0-0: Ball
1-0: Called Strike
1-1: Ball
2-1: Ball
3-1: SINGLE (Groundball, 5L)
Manuel Miranda scores
Batting: RHB Arlen King 0-0: Ball
1-0: Swinging Strike
1-1: Foul Ball, location: 2F
1-2: Ball
2-2: Ball
3-2: DOUBLE (Flyball, 78M)
Jorge Vázquez to third
Batting: RHB Aaron Barnes 0-0: Called Strike
0-1: Ball
1-1: Ground out 4-3 (Groundball, 34)
Jorge Vázquez scores
Arlen King to third
Batting: RHB Thomas Teague 0-0: Ball
1-0: Called Strike
1-1: Ball
2-1: Ground out 1-3 (Groundball, 13S)
Bottom of the 3rd over - 2 run(s), 3 hit(s), 0 error(s), 1 left on base; St. Albert 5 - Villa Ridge 2
TOP OF THE 4TH
St. Albert Prodigy batting - Pitching for Villa Ridge Bronchos : RHP Anthony Graham
Batting: RHB Anthony Trujillo 0-0: Called Strike
0-1: Foul Ball, location: 2F
0-2: Ball
1-2: DOUBLE (Line Drive, 9LS)
Batting: RHB Jim Unknown 0-0: Ground out 6-3 (Groundball, 6M)
Anthony Trujillo to third
Batting: LHB Edward Carlson 0-0: Called Strike
0-1: Ball
1-1: Ball
2-1: Foul Ball, location: 2F
2-2: 2-RUN HOME RUN (Flyball, 89XD), Distance : 400 ft
Pitching: LHP Ron Irwin
Batting: SHB Jim Unknown 0-0: Foul Ball, location: 2F
0-1: Ground out 6-3 (Groundball, 6MS)
Batting: RHB Dirk Davis 0-0: SINGLE (Line Drive, 56D)
Batting: RHB Jimmy Allen 0-0: Ball
1-0: SINGLE (Flyball, 6MD)
Dirk Davis to second
Batting: RHB Bruce Reiser 0-0: Called Strike
0-1: Fielders Choice at 2nd, U4 (Groundball, 4M)
Top of the 4th over - 2 run(s), 4 hit(s), 0 error(s), 2 left on base; St. Albert 7 - Villa Ridge 2
BOTTOM OF THE 4TH
Villa Ridge Bronchos batting - Pitching for St. Albert Prodigy : LHP Jim Unknown
Batting: RHB Salvador Martínez 0-0: Ground out 5-3 (Groundball, 5L)
Batting: LHB Rick Watson 0-0: Ball
1-0: Called Strike
1-1: Ball
2-1: Ball
3-1: SINGLE (Line Drive, 89S)
Batting: RHB Joey Jones 0-0: Called Strike
0-1: Called Strike
0-2: Ball
1-2: Foul Ball, location: 2F
1-2: Foul Ball, location: 2F
1-2: Ball
2-2: Foul Ball, location: 2F
2-2: SINGLE (Line Drive, 8LS)
Rick Watson to second
Batting: RHB Manuel Miranda 0-0: Ball
1-0: Foul Ball, location: 2F
1-1: Fly out, F9 (Popup, 9S)
Batting: RHB Alex Ross 0-0: Ball
1-0: Foul Ball, location: 2F
1-1: Called Strike
1-2: Ball
2-2: Fielders Choice at 2nd, 6-4 (Groundball, 6)
Bottom of the 4th over - 0 run(s), 2 hit(s), 0 error(s), 1 left on base; St. Albert 7 - Villa Ridge 2
TOP OF THE 5TH
St. Albert Prodigy batting - Pitching for Villa Ridge Bronchos : LHP Ron Irwin
Batting: RHB Larry Mason 0-0: Fly out, F4 (Popup, 34D)
Batting: LHB Abel Kelly 0-0: Foul Ball, location: 2F
0-1: Ball
1-1: Foul Ball, location: 2F
1-2: Ball
2-2: Ball
3-2: SINGLE (Line Drive, 7S)
Batting: RHB Anthony Trujillo 0-0: Ball
1-0: Fly out, F9 (Flyball, 9M)
Batting: RHB Jim Unknown 0-0: Ball
1-0: Ball
2-0: Swinging Strike
2-1: Called Strike
2-2: Foul Ball, location: 2F
2-2: Foul Ball, location: 2F
2-2: Strikes out swinging
Top of the 5th over - 0 run(s), 1 hit(s), 0 error(s), 1 left on base; St. Albert 7 - Villa Ridge 2
BOTTOM OF THE 5TH
Villa Ridge Bronchos batting - Pitching for St. Albert Prodigy : LHP Jim Unknown
Batting: RHB Jorge Vázquez 0-0: Called Strike
0-1: Called Strike
0-2: Ball
1-2: Ball
2-2: Ball
3-2: Fly out, F7 (Flyball, 7LM)
Batting: RHB Arlen King 0-0: Ball
1-0: SINGLE (Line Drive, 56D)
Batting: RHB Aaron Barnes 0-0: Ball
1-0: Ball
2-0: Called Strike
2-1: Grounds into double play, 1-6-3 (Groundball, 13S)
Bottom of the 5th over - 0 run(s), 1 hit(s), 0 error(s), 0 left on base; St. Albert 7 - Villa Ridge 2
TOP OF THE 6TH
St. Albert Prodigy batting - Pitching for Villa Ridge Bronchos : LHP Ron Irwin
Batting: LHB Edward Carlson 0-0: Ball
1-0: Ball
2-0: Ball
3-0: Called Strike
3-1: SINGLE (Line Drive, 8LS)
Batting: SHB Jim Unknown 0-0: Called Strike
0-1: Ball
1-1: Called Strike
1-2: Foul Ball, location: 2F
1-2: Ball
2-2: Ball
Edward Carlson steals 2nd base
3-2: Base on Balls
Batting: RHB Dirk Davis 0-0: Hit by Pitch
Edward Carlson to third
Jim Unknown to second
Batting: RHB Jimmy Allen 0-0: Ball
1-0: Fly out, F4 (Line Drive, 4)
Batting: RHB Bruce Reiser 0-0: Ball
1-0: TRIPLE (Flyball, 89M)
Edward Carlson scores
Jim Unknown scores
Dirk Davis scores
Pitching: LHP Jeffery Howell
Batting: RHB Larry Mason 0-0: Foul Ball, location: 2F
0-1: Ball
1-1: Ball
2-1: Ball
3-1: Base on Balls
Batting: LHB Abel Kelly 0-0: Ball
1-0: SINGLE (Line Drive, 89S)
Bruce Reiser scores
Larry Mason to second
Batting: RHB Anthony Trujillo 0-0: Fly out, F4 (Popup, 34)
Batting: RHB Jim Unknown 0-0: Called Strike
0-1: Called Strike
0-2: SINGLE (Groundball, 6MD)
Larry Mason to third
Abel Kelly to second
Runner from 3rd tries for Home, SAFE, no throw or cutoff
Batting: LHB Edward Carlson 0-0: Called Strike
0-1: DOUBLE (Line Drive, 78M)
Abel Kelly scores
Jim Unknown to third
Pitching: LHP Greg Kelly
Batting: SHB Jim Unknown 0-0: Foul Ball, location: 2F
0-1: Fly out, F8 (Flyball, 8LM)
Top of the 6th over - 6 run(s), 5 hit(s), 0 error(s), 2 left on base; St. Albert 13 - Villa Ridge 2
BOTTOM OF THE 6TH
Villa Ridge Bronchos batting - Pitching for St. Albert Prodigy : LHP Jim Unknown
Batting: RHB Thomas Teague 0-0: Foul Ball, location: 2F
0-1: Ball
1-1: Called Strike
1-2: Ball
2-2: Reached on error, E6 (Groundball, 6M)
Batting: RHB Salvador Martínez 0-0: Ball
1-0: Foul Ball, location: 2F
1-1: Ball
2-1: Ball
3-1: Base on Balls
Batting: LHB Rick Watson 0-0: Ball
1-0: Foul Ball, location: 2F
1-1: Foul Ball, location: 2F
1-2: Fly out, F8 (Flyball, 8RM)
Batting: RHB Joey Jones 0-0: Ball
1-0: Swinging Strike
1-1: Swinging Strike
1-2: Ball
2-2: Strikes out swinging
Batting: RHB Manuel Miranda 0-0: Fielders Choice at 2nd, 6-4 (Groundball, 6MS)
Bottom of the 6th over - 0 run(s), 0 hit(s), 1 error(s), 1 left on base; St. Albert 13 - Villa Ridge 2
TOP OF THE 7TH
St. Albert Prodigy batting - Pitching for Villa Ridge Bronchos : LHP Greg Kelly
Batting: RHB Dirk Davis 0-0: Called Strike
0-1: Ball
1-1: Ball
2-1: Foul Ball, location: 2F
2-2: Ball
3-2: Foul Ball, location: 2F
3-2: Strikes out swinging
Batting: RHB Jimmy Allen 0-0: Ball
1-0: Called Strike
1-1: Called Strike
1-2: Strikes out swinging
Batting: RHB Bruce Reiser 0-0: Ball
1-0: Called Strike
1-1: Swinging Strike
1-2: Ball
2-2: Ground out 6-3 (Groundball, 6)
Top of the 7th over - 0 run(s), 0 hit(s), 0 error(s), 0 left on base; St. Albert 13 - Villa Ridge 2
BOTTOM OF THE 7TH
Villa Ridge Bronchos batting - Pitching for St. Albert Prodigy : LHP Jim Unknown
Batting: RHB Alex Ross 0-0: Ball
1-0: Ball
2-0: Called Strike
2-1: Fly out, F8 (Flyball, 8LD)
Batting: RHB Jorge Vázquez 0-0: Fly out, F8 (Line Drive, 8LM)
Batting: RHB Arlen King 0-0: Foul Ball, location: 2F
0-1: Ball
1-1: Ball
2-1: Called Strike
2-2: Fly out, F9 (Flyball, 89M)
Bottom of the 7th over - 0 run(s), 0 hit(s), 0 error(s), 0 left on base; St. Albert 13 - Villa Ridge 2
TOP OF THE 8TH
St. Albert Prodigy batting - Pitching for Villa Ridge Bronchos : LHP Greg Kelly
Batting: RHB Larry Mason 0-0: Ball
1-0: Swinging Strike
1-1: Ground out 6-3 (Groundball, 6M)
Batting: LHB Abel Kelly 0-0: SINGLE (Groundball, 34)
Batting: RHB Anthony Trujillo 0-0: Ball
1-0: Swinging Strike
1-1: Swinging Strike
1-2: Strikes out swinging
Batting: RHB Jim Unknown 0-0: Called Strike
0-1: Ball
1-1: Ball
2-1: Ball
3-1: Foul Ball, location: 2F
3-2: DOUBLE (Line Drive, 5L)
Abel Kelly to third
Abel Kelly scores
Batting: LHB Edward Carlson 0-0: Ball
1-0: Ball
2-0: Ball
3-0: Base on Balls
Batting: SHB Jim Unknown 0-0: Called Strike
0-1: Fly out, F7 (Line Drive, 7M)
Top of the 8th over - 1 run(s), 2 hit(s), 0 error(s), 2 left on base; St. Albert 14 - Villa Ridge 2
BOTTOM OF THE 8TH
Villa Ridge Bronchos batting - Pitching for St. Albert Prodigy : LHP Jim Unknown
Pitching: RHP Aaron Morris
Batting: RHB Aaron Barnes 0-0: Called Strike
0-1: Foul Ball, location: 2F
0-2: Strikes out swinging
Batting: RHB Thomas Teague 0-0: Ball
1-0: Swinging Strike
1-1: Swinging Strike
1-2: Fly out, F3 (Popup, 34S)
Batting: RHB Salvador Martínez 0-0: Ball
1-0: Ball
2-0: Fly out, F8 (Flyball, 8LM)
Bottom of the 8th over - 0 run(s), 0 hit(s), 0 error(s), 0 left on base; St. Albert 14 - Villa Ridge 2
TOP OF THE 9TH
St. Albert Prodigy batting - Pitching for Villa Ridge Bronchos : LHP Greg Kelly
Pitching: LHP Jim Unknown
Batting: RHB Dirk Davis 0-0: Ball
1-0: Called Strike
1-1: Ball
2-1: Swinging Strike
2-2: Strikes out looking
Batting: RHB Jimmy Allen 0-0: Ball
1-0: Foul Ball, location: 2F
1-1: Ball
2-1: Called Strike
2-2: Strikes out swinging
Batting: RHB Bruce Reiser 0-0: Swinging Strike
0-1: Ball
1-1: Ball
2-1: Called Strike
2-2: Strikes out swinging
Top of the 9th over - 0 run(s), 0 hit(s), 0 error(s), 0 left on base; St. Albert 14 - Villa Ridge 2
BOTTOM OF THE 9TH
Villa Ridge Bronchos batting - Pitching for St. Albert Prodigy : RHP Aaron Morris
Batting: LHB Rick Watson 0-0: Ground out 4-3 (Groundball, 4)
Batting: RHB Joey Jones 0-0: Ball
1-0: Ball
2-0: Called Strike
2-1: Ball
3-1: SINGLE (Groundball, 3D)
Batting: RHB Manuel Miranda 0-0: Foul Ball, location: 2F
0-1: SINGLE (Line Drive, 89S)
Joey Jones to second
Batting: RHB Alex Ross 0-0: Called Strike
0-1: Ball
1-1: Fly out, F8 (Flyball, 8RM)
Batting: RHB Jorge Vázquez 0-0: Ball
1-0: Foul Ball, location: 2F
1-1: Swinging Strike
1-2: Foul Ball, location: 2F
1-2: Ball
2-2: Foul Ball, location: 2F
2-2: Foul Ball, location: 2F
2-2: Ball
3-2: Hit by Pitch
Joey Jones to third
Manuel Miranda to second
Batting: RHB Arlen King 0-0: Foul Ball, location: 2F
0-1: Ball
1-1: Ground out 6-3 (Groundball, 6)
Bottom of the 9th over - 0 run(s), 2 hit(s), 0 error(s), 3 left on base; St. Albert 14 - Villa Ridge 2
This league is powered by Out of the Park Baseball, the baseball management simulation game for PC, Mac and Linux
Saturday, February 27th, 2021 - OOTP Baseball 15.6 Build 34